 Dungeon Crawl Stone Soup version 0.23-a0-690-g0a1fc62c7c (webtiles) character file.

13456 Roikka the Slicer (level 12, -11/112 HPs)
             Began as a Kobold Summoner on Jan 11, 2019.
             Was the Champion of Okawaru.
             Mangled by a wolf spider (18 damage)
             ... in a Gauntlet.
             The game lasted 02:01:42 (18586 turns).

Roikka the Slicer (Kobold Summoner)                Turns: 18586, Time: 02:01:43

Health: -11/112    AC: 26    Str:  8    XL:     12   Next: 32%
Magic:  6/21       EV:  3    Int: 16    God:    Okawaru [******]
Gold:   866        SH:  9    Dex: 18    Spells: 14/24 levels left

rFire    . . .     SeeInvis .   a - +2 dagger (elec)
rCold    + . .     Gourm    .   y - +2 buckler
rNeg     + + +     Faith    +   (armour currently unavailable)
rPois    +         Spirit   .   (helmet currently unavailable)
rElec    .         Reflect  .   (cloak currently unavailable)
rCorr    .         Harm     .   (gloves currently unavailable)
MR       .....     NoTele   +   (boots currently unavailable)
Stlth    ++++++....             D - amulet of faith
HPRegen  0.28/turn              o - ring of protection from cold
MPRegen  0.17/turn              E - ring of poison resistance

@: lethally poisoned (-11 -> -64), tree-form, heroism
A: small, carnivore
a: Heroism, Finesse, Renounce Religion


You were in a Gauntlet.
You worshipped Okawaru.
Okawaru was exalted by your worship.
You were full.
You were a tree.
You visited 3 branches of the dungeon, and saw 14 of its levels.
You also visited: Sewer, Bailey and Gauntlet.

You collected 866 gold pieces.

Inventory:

Hand Weapons
 a - a +2 dagger of electrocution (weapon)
 b - a +0 hand crossbow
 n - a +4 quarterstaff of chaos
 s - a +0 hand axe of flaming
Missiles
 e - 252 stones (quivered)
 f - 89 bolts
Armour
 w - a +2 hat (melded)
 x - a +2 leather armour of fire resistance
 y - a +2 buckler (worn)
 H - +0 acid dragon scales
 K - a +0 cloak of invisibility (melded)
 L - a +2 pair of gloves of strength (melded)
 Q - the +1 scale mail "Mimmav" (melded) {*Slow rF+ rC+ Int+4 Stlth+}
   (Okawaru gifted it to you on level 2 of the Lair of Beasts)

   It affects your intelligence (+4).
   It protects you from fire.
   It protects you from cold.
   It may slow you when you take damage.
   It makes you more stealthy.
Jewellery
 g - an uncursed ring of fire
 h - an uncursed ring of ice
 o - a ring of protection from cold (left branch)
 p - an uncursed ring of wizardry {unknown}
 D - an amulet of faith (around neck)
 E - a ring of poison resistance (right branch)
 J - an uncursed ring of wizardry {unknown}
 S - an uncursed amulet of the gourmand {unknown}
Wands
 k - a wand of flame (35)
 q - a wand of polymorph (1)
 v - a wand of clouds (4)
 A - a wand of random effects (19)
 I - a wand of disintegration (11)
 N - a wand of digging (5)
 R - a wand of scattershot (9)
Scrolls
 t - 7 scrolls of remove curse
 B - 4 scrolls of magic mapping
 C - a scroll of blinking
 M - 6 scrolls of teleportation
 O - a scroll of fog {unknown}
Potions
 d - a potion of haste {unknown}
 i - 2 potions of might
 l - a potion of experience {unknown}
 m - 4 potions of cancellation
 r - 4 potions of lignification
 u - 2 potions of brilliance {unknown}
 z - 2 potions of curing {unknown}
 F - a potion of invisibility {unknown}
 G - 2 potions of ambrosia {unknown}
 P - a potion of agility
Comestibles
 c - 19 rations


   Skills:
 + Level 8.4(13.4) Fighting
 + Level 9.5(14.5) Short Blades
 + Level 2.9(7.9) Crossbows
 + Level 5.0(10.0) Dodging
 + Level 8.8(13.8) Stealth
 - Level 3.0(8.0) Shields
 + Level 6.6 Spellcasting
 + Level 9.2 Summonings
 - Level 8.0 Air Magic
 + Level 2.2 Invocations
 + Level 2.5 Evocations


You had 14 spell levels left.
You knew the following spells:

 Your Spells              Type           Power        Failure   Level  Hunger
a - Summon Small Mammal   Summ           ####         1%          1    None
b - Call Imp              Summ           ####....     1%          2    None
c - Summon Lightning Spi  Summ/Air       ####....     3%          4    ####...
d - Call Canine Familiar  Summ           ####....     1%          3    ##.....

Your spell library contained the following spells:

 Spells                   Type           Power        Failure   Level  Hunger
 Summon Guardian Golem    Hex/Summ       ###.....     6%          3    ##.....
 Flame Tongue             Conj/Fire      #....        13%         1    None
 Summon Ice Beast         Ice/Summ       ###.....     19%         4    ####...
 Silence                  Hex/Air        ###.......   56%         5    #####..
 Cause Fear               Hex            #.........   78%         4    ####...
 Yara's Violent Unravell  Hex/Tmut       #.........   98%         5    #####..
 Conjure Ball Lightning   Conj/Air       ###.......   98%         6    #######
 Deflect Missiles         Chrm/Air       ###.......   98%         6    #######
 Bolt of Fire             Conj/Fire      #.........   100%        6    #######
 Dragon Form              Tmut           #.........   100%        7    #######
 Discord                  Hex            #.........   100%        8    #######
 Dragon's Call            Summ           ####......   100%        9    #######
 Tornado                  Air            ####......   100%        9    #######


Dungeon Overview and Level Annotations

Branches:
Dungeon (11/15)            Temple (1/1) D:6            Lair (2/6) D:8
  Swamp (0/4) Lair:2        Snake (0/4) Lair:2
    Orc: D:9-12

Altars:
Ashenzari
Cheibriados
Dithmenos
Elyvilon
Fedhas
Gozag
Hepliaklqana
Kikubaaqudgha
Makhleb
Nemelex Xobeh
Okawaru
Qazlal
Ru
Sif Muna
Trog
Uskayaw
Vehumet
Wu Jian
Xom
Yredelemnul
Zin
The Shining One

Portals:
Trove: D:10 (give +2 storm dragon scales)

Annotations:
D:4 Dowan, Duvessa Gauntlet 7 transporters


Innate Abilities, Weirdness & Mutations

You are small and have problems with some larger weapons.
You are carnivorous and can eat meat at any time.


Message History

Your wolf barely misses the moth of wrath.
The moth of wrath goads the wolf spider on!
The wolf spider goes berserk!
You hit the wolf spider.
Lightning courses through the wolf spider!
The wolf spider is lightly wounded.
* * * LOW HITPOINT WARNING * * *
You feel sick.
Your wolf barely misses the moth of wrath.
It was a potion of lignification.
You turn into a tree.
Your +0 cloak of invisibility melds into your body.
Your +2 hat melds into your body.
Your +2 pair of gloves of strength melds into your body.
The +1 scale mail "Mimmav" {*Slow rF+ rC+ Int+4 Stlth+} melds into your body.
You feel weaker.
Your roots penetrate the ground.
* * * LOW HITPOINT WARNING * * *
You feel very sick. The wolf spider hits you!!
You die...

[.. #.#####..8.8.8#
##.#©#.©.#.#©.©#©8.©.8##
#..#( #...4#.⌠.#..8.8.8#
...#[##4####...#[..8...#
.∩.#...24###.⌠.#Q.8#8Q.#
...#########...#########
.⌠.....#.....⌠.#........
...#########...#########
∩.#=?#♣##.#.⌠.#.......#
. #s##s.##...#.###'#.#
#..###ss#h##.⌠.#.#≈..#.#
#.#©.#s##y#©.©#©#≈©.#.#
#≈.##.##..######)#≈..#.#
≈≈.###..#.##...#.###'#.#
#≈.#.(#.##.#.⌠.#.......#
##.#########...#########
#≈......................


You could see a reaper, a wolf spider (berserk), a moth of wrath, 2 hellwings, 4
redbacks and a friendly wolf.

Vanquished Creatures
  Harold (D:9)
  A hydra (Lair:1)
  A death yak (Lair:2)
  3 two-headed ogres (D:10)
  An ugly thing (D:9)
  Joseph (D:9)
  A black mamba (Lair:2)
  An ice statue (Gauntlet)
  2 spiny frogs (Lair:1)
  2 rime drakes (Gauntlet)
  A komodo dragon (D:8)
  3 slime creatures (Gauntlet)
  2 hippogriffs
  A wraith (D:10)
  2 wyverns (D:10)
  Eustachio (D:5)
  9 yaks (D:10)
  A vampire mosquito (D:9)
  An acid dragon (D:8)
  3 water moccasins (Lair:1)
  A sky beast (D:7)
  2 porcupines (Lair:1)
  An orc warrior (D:10)
  3 ice beasts
  2 necrophages
  3 ogres
  3 wolves (D:9)
  5 centaurs
  3 crocodiles
  A big kobold (D:5)
  8 bullfrogs
  2 scorpions
  10 killer bees
  5 crimson imps
  A centaur zombie (D:3)
  2 hounds
  A jelly (Gauntlet)
  An orc priest (D:7)
  2 bullfrog skeletons
  2 iguanas
  Ijyb (D:3)
  3 orc wizards
  6 worker ants
  2 hound zombies
  A howler monkey zombie (D:7)
  4 gnolls (D:5)
  3 adders
  3 shadow imps
  2 adder zombies (D:5)
  A worm (D:3)
  An adder skeleton (D:8)
  2 dart slugs
  4 leopard geckos
  21 orcs
  2 bats
  7 giant cockroaches
  6 hobgoblins
  13 jackals
  7 kobolds
  2 quokkas
  3 ball pythons (Sewer)
  5 frilled lizards
  6 goblins
  A jackal skeleton (D:7)
  A leopard gecko skeleton (D:4)
  2 quokka skeletons
  2 rats (D:2)
  A fungus (D:3)
  5 plants (Sewer)
213 creatures vanquished.

Vanquished Creatures (collateral kills)
  A hydra (Lair:1)
  An orc knight (Bailey)
  2 yaks (D:10)
  Grum (D:9)
  A hungry ghost (D:9)
  5 orc warriors (Bailey)
  A sky beast (D:5)
  An ogre (D:4)
  2 crocodiles
  A bullfrog (D:9)
  3 killer bees
  2 crimson imps
  A bullfrog zombie (D:9)
  4 orc priests
  2 centaur skeletons
  A hound (D:5)
  Crazy Yiuf (D:3)
  A jelly (D:5)
  A worker ant (D:9)
  A hound zombie (D:10)
  A hound skeleton (D:4)
  Robin (D:3)
  3 adders
  A shadow imp (D:8)
  An adder skeleton (D:2)
  2 dart slugs
  25 orcs
  A ball python (D:1)
  2 bats
  10 goblins
  7 hobgoblins
  12 jackals
  9 kobolds
  A quokka (D:2)
  A ball python zombie (D:5)
  A frilled lizard (Sewer)
  3 rats
114 creatures vanquished.

Vanquished Creatures (others)
  4 plants (D:8)
4 creatures vanquished.

Grand Total: 331 creatures vanquished

Notes
Turn   | Place    | Note
-------+----------+-------------------------------------------
     0 | D:1      | Roikka the Kobold Summoner began the quest for the Orb.
     0 | D:1      | Reached XP level 1. HP: 10/10 MP: 3/3
   303 | D:1      | Reached XP level 2. HP: 15/15 MP: 1/5
   345 | D:1      | Learned a level 2 spell: Call Imp
   986 | D:2      | Reached XP level 3. HP: 19/19 MP: 1/6
  1899 | D:3      | Noticed Robin
  1995 | D:3      | Found a glowing drain.
  2007 | D:3      | Reached XP level 4. HP: 22/24 MP: 3/8
  2008 | D:3      | Reached skill level 1 in Short Blades
  2052 | Sewer    | Entered a sewer
  2881 | D:3      | Killed Robin
  3106 | D:2      | Reached XP level 5. HP: 24/28 MP: 4/9
  3157 | D:3      | Learned a level 4 spell: Summon Lightning Spire
  3161 | D:3      | Learned a level 3 spell: Call Canine Familiar
  3273 | D:3      | Found a runed door.
  3279 | D:3      | Noticed Crazy Yiuf
  3298 | D:3      | Killed Crazy Yiuf
  3818 | D:3      | Noticed Ijyb
  3842 | D:3      | Killed Ijyb
  3909 | D:3      | Reached skill level 1 in Fighting
  3927 | D:3      | Found a shattered altar of Ashenzari.
  4269 | D:4      | Noticed an ogre
  4282 | D:4      | Killed an ogre
  4282 | D:4      | Reached skill level 1 in Air Magic
  4282 | D:4      | Reached XP level 6. HP: 35/35 MP: 6/11
  4713 | D:4      | Noticed Dowan
  4728 | D:4      | Noticed Duvessa
  5010 | D:4      | Reached skill level 5 in Summonings
  5146 | D:4      | Reached XP level 7. HP: 40/40 MP: 8/12
  5888 | D:5      | Entered Level 5 of the Dungeon
  5905 | D:5      | Found a hazy altar of Hepliaklqana.
  6174 | D:5      | Noticed Eustachio
  6184 | D:5      | Killed Eustachio
  6184 | D:5      | Reached XP level 8. HP: 41/48 MP: 14/14
  6383 | D:5      | Reached skill level 5 in Fighting
  7358 | D:6      | Found a staircase to the Ecumenical Temple.
  7376 | Temple   | Entered the Ecumenical Temple
  7564 | Temple   | Became a worshipper of Warmaster Okawaru
  7877 | D:6      | Reached XP level 9. HP: 56/56 MP: 15/15
  8086 | D:5      | Found a hide-covered altar of Uskayaw.
  8090 | D:5      | Found an ornate altar of the Wu Jian Council.
  8138 | D:7      | Reached skill level 1 in Shields
  8840 | D:7      | Found a glowing golden altar of the Shining One.
  8924 | D:7      | Reached skill level 5 in Stealth
  8985 | D:8      | Noticed a hippogriff
  8995 | D:8      | Killed a hippogriff
  9062 | D:8      | Reached skill level 5 in Air Magic
  9146 | D:8      | Reached * piety under Okawaru
  9667 | D:8      | Found a staircase to the Lair.
  9667 | D:8      | Noticed a komodo dragon
  9694 | D:8      | Killed a komodo dragon
  9694 | D:8      | Reached skill level 5 in Short Blades
  9831 | D:8      | Reached ** piety under Okawaru
  9967 | D:8      | Reached XP level 10. HP: 63/63 MP: 16/16
 10205 | D:9      | Noticed Harold
 10217 | D:9      | Noticed Grum
 10445 | D:9      | Noticed Joseph
 10497 | D:9      | Killed Joseph
 10734 | D:9      | Killed Grum
 10820 | D:9      | Found a shattered altar of Ashenzari.
 11200 | D:9      | Reached *** piety under Okawaru
 11466 | D:9      | Killed Harold
 11466 | D:9      | Reached **** piety under Okawaru
 11472 | D:9      | Noticed a purple ugly thing
 11676 | D:9      | Killed a purple ugly thing
 12235 | D:10     | Entered Level 10 of the Dungeon
 12235 | D:10     | Found a flagged portal.
 12272 | Bailey   | Entered a bailey
 12365 | Bailey   | Received a gift from Okawaru
 12933 | Bailey   | Reached XP level 11. HP: 68/68 MP: 15/18
 13117 | Bailey   | Noticed an orc knight
 13167 | Bailey   | Killed an orc knight
 13339 | Bailey   | Got a transparent crystal plate armour
 13350 | Bailey   | Identified the +1 crystal plate armour of the Rabble {*Slow
                  | rElec rF++ Str+4} (You found it in a bailey)
 13531 | D:9      | Reached ***** piety under Okawaru
 13814 | D:10     | Noticed a two-headed ogre
 14178 | D:10     | Killed a two-headed ogre
 14178 | D:10     | Reached skill level 5 in Spellcasting
 14690 | D:10     | Received a gift from Okawaru
 14990 | D:10     | Noticed a two-headed ogre
 15129 | D:10     | Found a portal to a secret trove of treasure.
 15350 | D:10     | Killed a two-headed ogre
 15371 | D:11     | Noticed a two-headed ogre
 15378 | D:11     | Noticed a two-headed ogre
 15393 | D:10     | Killed a two-headed ogre
 15501 | D:11     | Noticed a cyan ugly thing
 16006 | Lair:1   | Entered Level 1 of the Lair of Beasts
 16174 | Lair:1   | Reached skill level 1 in Crossbows
 16477 | Lair:1   | Reached ****** piety under Okawaru
 16548 | Lair:1   | Noticed a four-headed hydra
 16558 | Lair:1   | Killed a one-headed hydra
 16558 | Lair:1   | Reached skill level 1 in Invocations
 16558 | Lair:1   | Reached skill level 1 in Evocations
 16558 | Lair:1   | Reached XP level 12. HP: 51/74 MP: 17/21
 16760 | Lair:1   | Noticed an eight-headed hydra
 16787 | Lair:1   | Killed a seven-headed hydra
 17347 | Lair:2   | Received a gift from Okawaru
 17349 | Lair:2   | Got a crude scale mail {god gift}
 17360 | Lair:2   | Identified the +1 scale mail "Mimmav" {*Slow rF+ rC+ Int+4
                  | Stlth+} (Okawaru gifted it to you on level 2 of the Lair of
                  | Beasts)
 17390 | Lair:2   | Noticed a death yak
 17391 | Lair:2   | Noticed a death yak
 17391 | Lair:2   | Noticed a death yak
 17391 | Lair:2   | Noticed a death yak
 17395 | Lair:2   | Found a gate leading to a gauntlet.
 17414 | Lair:2   | Killed a death yak
 17434 | Gauntlet | Entered a Gauntlet
 17434 | Gauntlet | Found a transporter.
 17434 | Gauntlet | Found a transporter.
 17555 | Gauntlet | Found a transporter.
 17555 | Gauntlet | Found a transporter.
 17564 | Gauntlet | Found a transporter.
 18472 | Gauntlet | Found a transporter.
 18474 | Gauntlet | Found a runed door.
 18479 | Gauntlet | Found a runed door.
 18492 | Gauntlet | Found a transporter.
 18492 | Gauntlet | Found a transporter.
 18492 | Gauntlet | Noticed a tengu warrior
 18503 | Gauntlet | Found a transporter.
 18530 | Gauntlet | Reached skill level 5 in Dodging
 18544 | Gauntlet | Noticed a reaper
 18547 | Gauntlet | Found a transporter.
 18563 | Gauntlet | Found a transporter.
 18565 | Gauntlet | Found a transporter.
 18586 | Gauntlet | Mangled by a wolf spider

Vault maps used:
D:1:      shiori_arrival_oz
D:3:      cheibrodos_sewer_entry_drain, dk_noncrumbling_3,
          chequers_serial_rivers_micro_a, cheibrodos_ashenzari_chains,
          uniq_crazy_yiuf_cottage, uniq_ijyb, uniq_robin
D:4:      serial_bayou, serial_bayou_shore_b, serial_bayou_pond_c,
          serial_bayou_ford_a, serial_bayou_shore_a, serial_bayou_pond_c,
          serial_bayou_pond_e, first_ration, st_stairs_13, uniq_duvessa
D:5:      kennysheep_windowed_halls, nicolae_overflow_hidden_temple,
          uniq_eustachio
D:6:      minmay_temple_entry_large_hall
D:7:      nicolae_tso_carved_into_rock
D:8:      david_lair_shrubbed
D:9:      minmay_blocky_corners, basic_altar, serial_column_ruins,
          column_ruins_square_medium, column_ruins_open_tiny,
          column_ruins_open_tiny, column_ruins_columns_T,
          column_ruins_columns_corner, column_ruins_columns_straight,
          column_ruins_corridor_straight, uniq_harold, uniq_joseph, uniq_grum
D:10:     enter_bailey_2, enter_trove_1
D:11:     erik_orc_3, hangedman_stone_soup, uniq_erica
Temple:   regret_index_temple_mists
Lair:2:   minmay_swamp_entry_swarm, minmay_snake_entry_spellcaster,
          gauntlet_entry_generic, chequers_serial_rivers_large_a, tgw_fedhas
Sewer:    sewer_co_scattered_pipes
Bailey:   bailey_polearm_1, bailey
Gauntlet: minmay_gauntlet_77_indecision

Skill      XL: |  1  2  3  4  5  6  7  8  9 10 11 12 |
---------------+-------------------------------------+-----
Stealth        | 3 4 5 7 8 |  8.8
Dodging        | 3 4 5 |  5.0
Short Blades   | 1 2 5 8 9 |  9.5
Spellcasting   | 3 4 6 |  6.6
Fighting       | 1 2 4 6 7 8 |  8.4
Air Magic      | 1 2 4 5 6 8 |  8.0
Summonings     | 5 6 7 9 |  9.2
Shields        | 2 3 |  3.0
Crossbows      | 2 |  2.9
Invocations    | 1 2 |  2.2
Evocations     | 1 2 |  2.5

Action                   |  1- 3 |  4- 6 |  7- 9 | 10-12 || total
-------------------------+-------+-------+-------+-------++-------
Melee: Short sword       |    88 |       |       |       ||    88
       Dagger            |    19 |   253 |   286 |   466 ||  1024
       Whip              |     2 |       |       |       ||     2
       Unarmed           |       |       |       |     9 ||     9
       Hand axe          |       |       |       |    23 ||    23
 Fire: Hand crossbow     |       |       |       |     6 ||     6
Throw: Stone             |     8 |    15 |    11 |    70 ||   104
 Cast: Summon Small Mamm |    23 |    10 |     3 |     5 ||    41
       Call Imp          |    15 |    44 |    36 |    48 ||   143
       Call Canine Famil |       |       |    14 |    42 ||    56
       Summon Lightning  |       |       |       |    35 ||    35
Invok: Heroism           |       |       |       |     1 ||     1
Evoke: Wand              |       |       |     5 |     7 ||    12
  Use: Scroll            |     2 |     3 |     7 |     8 ||    20
       Potion            |       |     2 |       |     3 ||     5
 Stab: Sleeping          |     5 |     3 |     9 |     9 ||    26
       Distracted        |     1 |     2 |     3 |    14 ||    20
       Confused          |       |       |     1 |     2 ||     3
  Eat: Chunk             |    13 |    13 |    17 |    33 ||    76
       Ration            |       |       |       |     1 ||     1
Armor: Robe              |     9 |       |       |       ||     9
       Leather armour    |    13 |    50 |    49 |       ||   112
       Skin              |       |     6 |       |       ||     6
       Acid dragon scale |       |       |     2 |    81 ||    83
       Scale mail        |       |       |       |    14 ||    14
Dodge: Dodged            |   119 |   206 |   180 |   234 ||   739
Block: Buckler           |       |       |    47 |   143 ||   190

Table legend:
 A = Non-vault XP
 B = Vault XP
 C = Vault XP percentage of total XP
 D = Non-vault monster count
 E = Vault monster count
 F = Vault count percentage of total count
                 A         B        C        D         E       F
            +---------+---------+-------+---------+---------+-------
      Total |   12988 |    6236 |  32.4 |     227 |      94 |  29.3
            +---------+---------+-------+---------+---------+-------
        D:1 |      18 |       2 |  10.0 |      14 |       1 |   6.7
        D:2 |      56 |       9 |  13.8 |      33 |       5 |  13.2
        D:3 |      58 |      80 |  58.0 |      11 |      12 |  52.2
        D:4 |     449 |      33 |   6.8 |      36 |       1 |   2.7
        D:5 |     278 |     673 |  70.8 |      14 |      15 |  51.7
        D:6 |     362 |       0 |   0.0 |      12 |       0 |   0.0
        D:7 |     473 |       0 |   0.0 |      12 |       0 |   0.0
        D:8 |    1244 |     285 |  18.6 |      19 |       2 |   9.5
        D:9 |     806 |    2839 |  77.9 |      18 |      11 |  37.9
       D:10 |    4535 |       0 |   0.0 |      33 |       0 |   0.0
       D:11 |     415 |       6 |   1.4 |       7 |       3 |  30.0
     Lair:1 |    3163 |       0 |   0.0 |      14 |       0 |   0.0
     Lair:2 |     906 |       0 |   0.0 |       3 |       0 |   0.0
      Sewer |       0 |      30 | 100.0 |       0 |      21 | 100.0
     Bailey |       0 |     700 | 100.0 |       0 |      17 | 100.0
   Gauntlet |     225 |    1579 |  87.5 |       1 |       6 |  85.7
            +---------+---------+-------+---------+---------+-------
